 Dungeon Crawl Stone Soup version 0.19.0-2-gae57169 (webtiles) character file.

3536 dobroeutro the Basher (level 10, -6/65 HPs)
             Began as a Gargoyle Fighter on Nov 5, 2016.
             Was a Priest of Okawaru.
             Mangled by a phantasmal warrior (25 damage)
             ... led by a death knight
             ... on level 9 of the Dungeon.
             The game lasted 00:10:53 (6342 turns).

dobroeutro the Basher (Gargoyle Fighter)            Turns: 6342, Time: 00:10:54

Health: -6/65      AC: 20    Str: 21    XL:     10   Next: 8%
Magic:  12/14      EV:  7    Int: 10    God:    Okawaru [***...]
Gold:   504        SH:  9    Dex: 10    Spells: 0 memorised, 9 levels left

rFire  . . .     SeeInvis .     s - +1 morningstar (drain)
rCold  . . .     Gourm    .     b - +0 scale mail
rNeg   + + .     Faith    .     c - +0 shield
rPois  ∞         Spirit   .     (no helmet)
rElec  +         Reflect  .     t - +1 cloak
rCorr  .         Harm     .     H - +0 pair of gloves
MR     .....                    A - +2 pair of boots
Stlth  ..........               p - amulet of regeneration
                                q - ring of positive energy
                                z - ring of protection from magic

@: vulnerable
A: negative energy resistance 1, electricity resistance, unbreathing,
petrification resistance, rot immunity, AC +7
a: Heroism, Renounce Religion


You were on level 9 of the Dungeon.
You worshipped Okawaru.
Okawaru was most pleased with you.
You were hungry.

You visited 2 branches of the dungeon, and saw 10 of its levels.

You collected 504 gold pieces.

Inventory:

Hand Weapons
 a - a +0 flail
 s - a +1 morningstar of draining (weapon)
Armour
 b - a +0 scale mail (worn)
 c - a +0 shield (worn)
 t - a +1 cloak (worn)
 A - a +2 pair of boots (worn)
 H - a +0 pair of gloves (worn)
Rods
 w - a +1 rod of inaccuracy (1/15)
   (You found it on level 4 of the Dungeon)
Jewellery
 k - an uncursed ring of protection from cold
 p - an amulet of regeneration (around neck)
 q - a ring of positive energy (right hand)
 z - a ring of protection from magic (left hand)
 B - an uncursed ring of fire
Wands
 e - a wand of acid (6/15)
 v - a wand of polymorph (15/24)
 D - a wand of flame (25/48)
Scrolls
 r - 3 scrolls of identify
 u - a scroll of enchant weapon
 x - 2 scrolls of remove curse
 y - a scroll of amnesia
 K - a scroll of teleportation
Potions
 d - a potion of might
 g - a potion of heal wounds
 j - 2 potions of berserk rage
 l - a potion of lignification
 m - a potion of haste
 n - a potion of mutation {unknown}
 o - 3 potions of curing {unknown}
 C - a potion of agility {unknown}
 E - 3 potions of degeneration {unknown}
 F - a potion of flight {unknown}
 I - a potion of invisibility {unknown}
 J - a potion of brilliance {unknown}
Comestibles
 f - 9 bread rations
 h - 2 beef jerkies
 i - 5 meat rations
 G - 26 fruits
 L - a chunk of flesh


   Skills:
 + Level 8.4 Fighting
 * Level 10.5 Maces & Flails
 - Level 3.2 Armour
 - Level 3.2 Shields
 + Level 5.6 Evocations


You had 9 spell levels left.
You didn't know any spells.

Dungeon Overview and Level Annotations

Branches:
Dungeon (9/15)             Temple (1/1) D:6
   Lair: D:8-11         Orc: D:9-12

Altars:
Ashenzari
Cheibriados
Dithmenos
Elyvilon
Fedhas
Gozag
Hepliaklqana
Kikubaaqudgha
Nemelex Xobeh
Okawaru
Qazlal
Ru
Sif Muna
Uskayaw
Vehumet
Xom
Yredelemnul
Zin
The Shining One

Shops:
D:6 }


Innate Abilities, Weirdness & Mutations

You are resistant to torment.
Your stone body is resilient. (AC +7)
You are immune to poison.
You resist negative energy. (rN+)
You are resistant to electric shocks. (rElec)
You can survive without breathing.
You are immune to petrification.
You are immune to rotting.


Message History

Your base Fighting skill increases to level 8!
You have reached level 10!
Your damage is reflected back at you!
The phantasmal warrior closely misses you.
You feel like a meek peon again.
You hit the phantasmal warrior but do no damage.
The phantasmal warrior hits you!!
* * * LOW HITPOINT WARNING * * *
You hit the phantasmal warrior.
The phantasmal warrior is lightly damaged.
You block the phantasmal warrior's attack.
The phantasmal warrior hits you but does no damage.
Your shield and scale mail prevent you from hitting the phantasmal warrior.
The phantasmal warrior is lightly damaged.
The phantasmal warrior blinks!
You block the phantasmal warrior's attack.
You barely miss the phantasmal warrior.
The phantasmal warrior is lightly damaged.
The phantasmal warrior hits you!!
You die...

.# #...#....#.####.# .#
#..........)....# .##
#.... #..# ..##
#...>..###).#
...#####)#......z)).#
......†..#....####.##
.........#[. #W..#
........<# #W#.#
.....#...# ##@###
######...# #...#
######...# #.PW#
....(....# #...#
#######..#######.##
..........<....#.#
#############.##.## #
.......+#...###...###...
..........P....._.....P.


You could see 2 phantasmal warriors and a wraith.

Vanquished Creatures
  A death knight (D:9)
  2 hippogriffs
  2 orc warriors (D:8)
  A sky beast (D:6)
  An ice beast (D:7)
  An ogre (D:9)
  A phantom (D:4)
  3 bullfrogs
  2 big kobolds
  Blork the orc (D:6)
  4 scorpions
  7 killer bees
  3 wights (D:8)
  2 howler monkeys
  4 crimson imps
  3 hounds
  2 orc priests
  A bullfrog zombie (D:8)
  A jelly (D:3)
  2 orc wizards (D:4)
  2 bullfrog skeletons
  2 centaur skeletons
  2 iguanas
  2 worker ants
  4 gnolls (D:7)
  7 adders
  A howler monkey skeleton (D:7)
  2 shadow imps
  2 worms (D:3)
  5 dart slugs
  A leopard gecko (D:6)
  22 orcs
  11 bats
  5 giant cockroaches
  7 hobgoblins
  8 jackals
  2 quokkas
  A ball python skeleton (D:6)
  5 frilled lizards
  7 goblins
  A jackal zombie (D:8)
  10 kobolds
  A quokka skeleton (D:8)
  7 rats
161 creatures vanquished.

Vanquished Creatures (others)
  A plant (D:4)
1 creature vanquished.

Grand Total: 162 creatures vanquished

Notes
Turn   | Place    | Note
-------+----------+-------------------------------------------
     0 | D:1      | dobroeutro the Gargoyle Fighter began the quest for the Orb.
     0 | D:1      | Reached XP level 1. HP: 14/14 MP: 1/1
   126 | D:1      | Reached XP level 2. HP: 19/19 MP: 2/2
   292 | D:1      | Reached skill level 3 in Maces & Flails
   304 | D:1      | Reached XP level 3. HP: 21/23 MP: 3/3
  1171 | D:2      | Reached XP level 4. HP: 29/29 MP: 4/4
  1173 | D:2      | Reached skill level 4 in Maces & Flails
  1248 | D:2      | Found a shadowy altar of Dithmenos.
  1626 | D:3      | Reached XP level 5. HP: 32/34 MP: 5/5
  2025 | D:4      | Reached skill level 5 in Maces & Flails
  2042 | D:4      | Reached XP level 6. HP: 40/40 MP: 6/6
  2107 | D:4      | Reached skill level 5 in Fighting
  2111 | D:4      | Identified a +0 rod of inaccuracy (14/14) (You found it on level 4 of the Dungeon)
  2134 | D:4      | Noticed a phantom
  2135 | D:4      | Found an ancient bone altar of Kikubaaqudgha.
  2216 | D:4      | Found a sparkling altar of Nemelex Xobeh.
  2270 | D:4      | Killed a phantom
  2270 | D:4      | Reached skill level 1 in Evocations
  2386 | D:4      | Reached skill level 6 in Maces & Flails
  2386 | D:4      | Reached XP level 7. HP: 38/44 MP: 7/7
  2476 | D:4      | Found an opulent altar of Gozag.
  2477 | D:4      | Found a shimmering altar of Xom.
  2716 | D:5      | Entered Level 5 of the Dungeon
  3238 | D:6      | Found a staircase to the Ecumenical Temple.
  3284 | Temple   | Entered the Ecumenical Temple
  3460 | Temple   | Became a worshipper of Warmaster Okawaru
  3917 | D:6      | Noticed Blork the orc
  3924 | D:6      | Killed Blork the orc
  3924 | D:6      | Reached * piety under Okawaru
  3924 | D:6      | Reached skill level 7 in Maces & Flails
  3924 | D:6      | Reached XP level 8. HP: 41/51 MP: 9/9
  3962 | D:6      | Found Ganousm's Gadget Boutique.
  4722 | D:7      | You fall through a shaft!
  4729 | D:8      | Reached skill level 8 in Maces & Flails
  4792 | D:8      | Reached ** piety under Okawaru
  4857 | D:8      | Reached XP level 9. HP: 51/56 MP: 10/12
  5013 | D:8      | Reached skill level 9 in Maces & Flails
  5633 | D:8      | Reached *** piety under Okawaru
  5806 | D:8      | Found a glowing silver altar of Zin.
  5900 | D:9      | Found a snail-covered altar of Cheibriados.
  6119 | D:9      | Reached skill level 5 in Evocations
  6185 | D:9      | Found a white marble altar of Elyvilon.
  6245 | D:9      | Reached skill level 10 in Maces & Flails
  6314 | D:9      | Noticed a death knight
  6321 | D:9      | Noticed a phantasmal warrior
  6323 | D:9      | Noticed a phantasmal warrior
  6325 | D:9      | Noticed a skeletal warrior
  6334 | D:9      | Killed a death knight
  6334 | D:9      | Reached XP level 10. HP: 41/65 MP: 11/14
  6342 | D:9      | Mangled by a phantasmal warrior

Skill      XL: |  1  2  3  4  5  6  7  8  9 |
---------------+----------------------------+-----
Maces & Flails | 3 4 5 6 7 8 10 | 10.5
Fighting       | 4 5 6 8 |  8.4
Evocations     | 1 2 4 5 |  5.6
Armour         | |  3.2
Shields        | |  3.2

Action                   |  1- 3 |  4- 6 |  7- 9 | 10-12 || total
-------------------------+-------+-------+-------+-------++-------
Melee: Flail             |   201 |   174 |    20 |       ||   395
       Morningstar       |       |       |   338 |     4 ||   342
Invok: Heroism           |       |       |     1 |       ||     1
Evoke: Rod               |       |     1 |    17 |       ||    18
  Use: Scroll            |     3 |     6 |     5 |       ||    14
       Potion            |       |       |     2 |       ||     2
 Stab: Distracted        |       |     1 |       |       ||     1
  Eat: Chunk             |     1 |     4 |    15 |       ||    20
Armor: Scale mail        |   154 |   107 |   227 |     1 ||   489
Dodge: Dodged            |   102 |    49 |   138 |     1 ||   290
Block: Shield            |   129 |    70 |   179 |     2 ||   380
